[Event "73rd POL-ch (w)"]
[Site "Bydgoszcz POL"]
[Date "2021.05.07"]
[Round "9"]
[White "Socko, Monika"]
[Black "Cyfka, Karina"]
[Result "0-1"]
[ECO "E04"]
[WhiteElo "2421"]
[BlackElo "2415"]
[PlyCount "72"]
[EventDate "2021.04.28"]
[TimeControl "5400+30"]
[WhiteClock "0:02:14"]
[BlackClock "0:02:49"]

1. d4 Nf6 2. c4 e6 3. g3 d5 4. Bg2 Bb4+ 5. Nd2 O-O 6. Ngf3 dxc4 7. Qc2 a5 8. Qxc4 b6 9. a3 Be7 10. Qc2 Ba6 11. Nc4 c5 12. dxc5 Bxc5 13. Nfe5 Ra7 14. Bf4 Rc7 15. Qd3 Nd5 16. b3 a4 17. b4 Be7 18. Rb1 f6 19. b5 fxe5 20. Bxe5 Bb7 21. Bxc7 Qxc7 22. O-O Nd7 23. e4 Nc5 24. Qc2 Nf6 25. e5 Nd5 26. Rbe1 Qd7 27. f4 Nb3 28. Qe4 Ba8 29. Qe2 Nc3 30. Qc2 Bxg2 31. Kxg2 Qd5+ 32. Rf3 Qxf3+ 33. Kxf3 Nd4+ 34. Kg2 Nxc2 35. Rc1 Nxa3 36. Nxb6 Naxb5 0-1

[Event "73rd POL-ch (w)"]
[Site "Bydgoszcz POL"]
[Date "2021.05.07"]
[Round "9"]
[White "Antolak, Julia"]
[Black "Majdan, Joanna"]
[Result "0-1"]
[ECO "B47"]
[WhiteElo "2306"]
[BlackElo "2325"]
[PlyCount "68"]
[EventDate "2021.04.28"]
[TimeControl "5400+30"]
[WhiteClock "0:08:40"]
[BlackClock "0:16:23"]

1. e4 c5 2. Nf3 e6 3. d4 cxd4 4. Nxd4 Nc6 5. Nc3 Qc7 6. Qd3 a6 7. Nxc6 Qxc6 8. Be3 b5 9. f3 Bb7 10. O-O-O Rc8 11. Kb1 b4 12. Ne2 Nf6 13. Bd4 Be7 14. g4 d5 15. e5 Nd7 16. Ng3 O-O 17. g5 Bxg5 18. Rg1 g6 19. Nf5 exf5 20. Rxg5 Nxe5 21. Bxe5 f6 22. Bxf6 Qxf6 23. f4 Qd6 24. Qg3 Kg7 25. Bd3 d4 26. h4 Be4 27. Rg1 Rc6 28. Bxe4 fxe4 29. Re5 d3 30. cxd3 exd3 31. Qe3 d2 32. Re7+ Kf6 33. Qe5+ Qxe5 34. Rxe5 Rfc8 0-1

[Event "73rd POL-ch (w)"]
[Site "Bydgoszcz POL"]
[Date "2021.05.07"]
[Round "9"]
[White "Zawadzka, Jolanta"]
[Black "Rajlich, Iweta"]
[Result "0-1"]
[ECO "C10"]
[WhiteElo "2399"]
[BlackElo "2394"]
[PlyCount "106"]
[EventDate "2021.04.28"]
[TimeControl "5400+30"]
[WhiteClock "0:22:34"]
[BlackClock "0:23:09"]

1. e4 e6 2. d4 d5 3. Nc3 Nf6 4. Bg5 dxe4 5. Nxe4 Nbd7 6. Nf3 h6 7. Nxf6+ Nxf6 8. Bxf6 Qxf6 9. Qd3 Be7 10. O-O-O O-O 11. Qe4 Rd8 12. g4 Bd6 13. Ne5 Bxe5 14. Qxe5 Qxe5 15. dxe5 Rxd1+ 16. Kxd1 f6 17. Bc4 Kf7 18. Re1 Bd7 19. Kc1 b5 20. Bd3 Ke7 21. Be4 Rg8 22. Re3 a5 23. Rc3 Rc8 24. a4 fxe5 25. axb5 Bxb5 26. Rc5 c6 27. Rxe5 Rf8 28. f3 Kd6 29. Rh5 c5 30. Kd2 Be8 31. Rh3 a4 32. Rg3 g5 33. Rg2 Bc6 34. Ke3 Bd5 35. Rd2 Ke5 36. Bxd5 exd5 37. c3 Rb8 38. h3 Rb3 39. Kd3 a3 40. bxa3 d4 41. Re2+ Kd5 42. Ra2 Rxc3+ 43. Ke2 Re3+ 44. Kf2 Re8 45. a4 d3 46. a5 c4 47. a6 c3 48. a7 c2 49. a8=Q+ Rxa8 50. Rxa8 c1=Q 51. Rd8+ Ke5 52. Rxd3 Qc5+ 53. Ke2 Kf4 0-1

[Event "73rd POL-ch (w)"]
[Site "Bydgoszcz POL"]
[Date "2021.05.07"]
[Round "9"]
[White "Dworakowska, Joanna"]
[Black "Kulon, Klaudia"]
[Result "0-1"]
[ECO "B01"]
[WhiteElo "2322"]
[BlackElo "2347"]
[PlyCount "84"]
[EventDate "2021.04.28"]
[TimeControl "5400+30"]
[WhiteClock "0:32:36"]
[BlackClock "0:53:42"]

1. e4 d5 2. exd5 Qxd5 3. Nc3 Qd8 4. d4 Nf6 5. Bg5 g6 6. Bxf6 exf6 7. Qe2+ Be7 8. O-O-O O-O 9. h4 h5 10. g3 f5 11. Nh3 Bf6 12. Bg2 Nc6 13. Nf4 Rb8 14. Ncd5 Bg7 15. Rhe1 Kh7 16. c3 Qd6 17. Nh3 Bd7 18. Ne3 b5 19. Ng5+ Kg8 20. f4 Rfe8 21. Bd5 Nd8 22. Qf3 Ne6 23. Bb3 Nxg5 24. hxg5 Bc6 25. d5 Bd7 26. Nc2 a5 27. a3 Qc5 28. Kb1 Re4 29. Rxe4 fxe4 30. Qe3 Qd6 31. Qxe4 c5 32. Ne3 Re8 33. Qf3 c4 34. Bc2 Qc5 35. Nf1 Bg4 36. Qg2 Bxd1 37. Bxd1 b4 38. axb4 axb4 39. Ba4 Re1+ 40. Kc2 bxc3 41. bxc3 Qa3 42. Kd2 Qxc3# 0-1

[Event "73rd POL-ch (w)"]
[Site "Bydgoszcz POL"]
[Date "2021.05.07"]
[Round "9"]
[White "Sliwicka, Alicja"]
[Black "Rudzinska, Michalina"]
[Result "0-1"]
[ECO "B92"]
[WhiteElo "2346"]
[BlackElo "2251"]
[PlyCount "78"]
[EventDate "2021.04.28"]
[TimeControl "5400+30"]
[WhiteClock "0:04:56"]
[BlackClock "0:04:31"]

1. e4 c5 2. Nf3 d6 3. d4 cxd4 4. Nxd4 Nf6 5. Nc3 a6 6. Be2 e5 7. Nb3 Be7 8. Bg5 Be6 9. Bxf6 Bxf6 10. Qd3 O-O 11. O-O-O Be7 12. g3 b5 13. Nd5 Bxd5 14. Qxd5 Nd7 15. h4 Qc7 16. Kb1 Rac8 17. Qd2 Nb6 18. Nc1 Nc4 19. Bxc4 bxc4 20. Qc3 Qb6 21. f4 Rc5 22. f5 Rb8 23. Ne2 Qb7 24. f6 Bxf6 25. Rxd6 Rb5 26. Kc1 Rxb2 27. Rhd1 Rb1+ 28. Kd2 Rxd1+ 29. Kxd1 Qxe4 30. a3 Rb1+ 31. Kd2 Qh1 32. Ke3 e4 33. Rxf6 gxf6 34. Qxc4 Qf3+ 35. Kd2 e3+ 36. Kc3 Qf5 37. Nd4 Qa5+ 38. Kd3 Rd1+ 39. Ke4 Qe5+ 0-1